 Dungeon Sprint DCSS version 0.30-a0-1160-g6e42c06551 (webtiles) character file.

Game seed: 15972154108237479651

118 sircluck the Cleaver (level 5, -5/53 HPs)
             Began as a Hill Orc Berserker on Apr 26, 2023.
             Was a Believer of Trog.
             Killed by divine providence
             ... invoked by an oklob sapling priest
              (14 damage)
             ... in the Dungeon (Sprint IV: "Fedhas' Mad Dash").
             The game lasted 00:02:03 (219 turns).

sircluck the Cleaver (Hill Orc Berserker)            Turns: 219, Time: 00:02:03

Health: -5/53      AC:  2    Str: 22    XL:     5   Next: 2%
Magic:  5/5        EV: 12    Int:  7    God:    Trog [**....]
Gold:   71         SH:  0    Dex: 10    Spells: 4/4 levels left

rFire   . . .        a - +0 hand axe
rCold   . . .        (no shield)
rNeg    . . .        b - +0 animal skin
rPois   .            (no helmet)
rElec   .            (no cloak)
rCorr   .            (no gloves)
SInv    .            (no boots)
Will    .....        (no amulet)
Stlth   +            (no ring)
HPRegen 0.28/turn    (no ring)
MPRegen 0.09/turn

%: no teleportation
@: on berserk cooldown, slowed, very slow
A: no striking features
a: Renounce Religion, Berserk, Trog's Hand


You were in the Dungeon.
You worshipped Trog.
Trog was pleased with you.
You visited 1 branch You collected 71 gold pieces.

Inventory:

Hand Weapons
 a - a +0 hand axe (weapon)
Armour
 b - a +0 animal skin (worn)
Jewellery
 j - the amulet of invisibility {+Inv}
   (You found it in the Dungeon)

   [amulet of nothing]

   +Inv:      It lets you turn invisible.
Scrolls
 h - a scroll of blinking
 i - a scroll of magic mapping {unknown}
 k - a scroll of immolation {unknown}
Potions
 c - a potion of curing
 d - a potion of heal wounds
 e - a potion of haste
 f - 2 potions of magic
 g - a potion of berserk rage


   Skills:
 + Level 7.7 Fighting
 + Level 8.7 Axes
 + Level 3.9 Armour
 + Level 3.2 Dodging


You had 4 spell levels left.
You didn't know any spells.
Your spell library was empty.

Dungeon Overview and Level Annotations

Branches:
Dungeon (1/1)

Altars:
Cheibriados
Dithmenos
Elyvilon
Gozag
Hepliaklqana
Kikubaaqudgha
Makhleb
Nemelex Xobeh
Okawaru
Qazlal
Ru
Sif Muna
Trog
Uskayaw
Vehumet
Wu Jian
Xom
Yredelemnul
Zin
The Shining One
Beogh
Jiyva
Lugonu

Annotations:
D exclusion: oklob sapling


Message History

The oklob sapling priest spits acid at you.
The splash of acid misses you.
You hit the oklob sapling priest but do no damage.
The oklob sapling priest is moderately damaged.
The oklob sapling priest looks braver for a moment.
You slash the oklob sapling priest!
The oklob sapling priest is severely damaged.
The oklob sapling priest looks braver for a moment.
The oklob sapling priest invokes the aid of its god against you.
Something smites you!
You hit the oklob sapling priest but do no damage.
The oklob sapling priest is severely damaged.
You hit the oklob sapling priest.
The oklob sapling priest is severely damaged.
The oklob sapling priest invokes the aid of its god against you.
Something smites you!
You completely miss the oklob sapling priest.
The oklob sapling priest is severely damaged.
The oklob sapling priest looks encouraged for a moment.
You hit the oklob sapling priest but do no damage.
The oklob sapling priest is severely damaged.
The oklob sapling priest looks satisfied for a moment.
You hit the oklob sapling priest.
The oklob sapling priest is severely damaged.
The oklob sapling priest miscasts a cantrip.
You hit the oklob sapling priest but do no damage.
The oklob sapling priest is severely damaged.
The oklob sapling priest looks satisfied for a moment.
You hit the oklob sapling priest.
The oklob sapling priest is almost destroyed.
The oklob sapling priest spits acid at you.
The splash of acid hits you!!
* * * LOW HITPOINT WARNING * * *
You hit the oklob sapling priest but do no damage.
The oklob sapling priest is almost destroyed.
You hit the oklob sapling priest but do no damage.
The oklob sapling priest is almost destroyed.
The oklob sapling priest invokes the aid of its god against you.
Something smites you!
You die...

########################
....#.....#.⌠._._._._.⌠.
....'.#.).'.._._@_._._..
....#.#...#..._._P_._...
########+##.._._._._._..
......+...#._._._._._.⌠.
♣.....#...##############
..♣.. ##### ##


You could see an oklob sapling priest.

Vanquished Creatures
  A scorpion (D)
  2 oklob saplings (D)
  A river rat (D)
  A rat (D)
5 creatures vanquished.

Notes
Turn   | Place    | Note
-------+----------+-------------------------------------------
     0 | D        | sircluck the Hill Orc Berserker began the quest for the
                  | Orb.
     0 | D        | Reached XP level 1. HP: 19/19 MP: 1/1
    11 | D        | HP: 1/20 [river rat (3)]
    15 | D        | Reached skill level 5 in Axes
    15 | D        | Reached XP level 2. HP: 1/28 MP: 2/2
   119 | D        | Noticed an oklob sapling
   121 | D        | Killed an oklob sapling
   121 | D        | Reached ** piety under Trog
   122 | D        | Reached skill level 5 in Fighting
   122 | D        | Reached skill level 6 in Axes
   122 | D        | Reached XP level 3. HP: 37/37 MP: 3/3
   124 | D        | Noticed a scorpion
   124 | D        | Found the amulet of invisibility {+Inv}
   129 | D        | Killed a scorpion
   130 | D        | Reached skill level 8 in Axes
   130 | D        | Reached XP level 4. HP: 47/47 MP: 4/4
   134 | D        | Found an opulent altar of Gozag.
   134 | D        | Found a hazy altar of Hepliaklqana.
   134 | D        | Found a burning altar of Makhleb.
   134 | D        | Found a sparkling altar of Nemelex Xobeh.
   134 | D        | Found a sacrificial altar of Ru.
   134 | D        | Found a shimmering blue altar of Sif Muna.
   134 | D        | Found an ornate altar of the Wu Jian Council.
   134 | D        | Found a shimmering altar of Xom.
   134 | D        | Found a basalt altar of Yredelemnul.
   135 | D        | Found a roughly hewn altar of Beogh.
   184 | D        | Reached XP level 5. HP: 53/53 MP: 5/5
   199 | D        | Found a snail-covered altar of Cheibriados.
   200 | D        | Found a viscous altar of Jiyva.
   200 | D        | Found a bloodstained altar of Trog.
   202 | D        | Found an iron altar of Okawaru.
   202 | D        | Found a shadowy altar of Dithmenos.
   202 | D        | Found a glowing silver altar of Zin.
   203 | D        | Found an ancient bone altar of Kikubaaqudgha.
   203 | D        | Found a hide-covered altar of Uskayaw.
   204 | D        | Found a stormy altar of Qazlal.
   204 | D        | Found a white marble altar of Elyvilon.
   204 | D        | Found a glowing golden altar of the Shining One.
   205 | D        | Found a corrupted altar of Lugonu.
   205 | D        | Found a radiant altar of Vehumet.
   219 | D        | Killed from afar by an oklob sapling priest

Illustrated notes

Levels and vault maps discovered:
D:        dungeon_sprint_fedhas [sprint_temple]

Skill      XL: |  1  2  3 |
---------------+----------+-----
Fighting       | 4 5 7 |  7.7
Axes           | 5 6 8 |  8.7
Dodging        | 2 3 |  3.2
Armour         | 3 |  3.9

Action                     |  1- 3 |  4- 6 || total
---------------------------+-------+-------++-------
  Melee: Hand axe          |    12 |    15 ||    27
 Invoke: Berserk           |     2 |     1 ||     3
  Dodge: Dodged            |     8 |     1 ||     9

Table legend: (Time is in decaauts)
 A = Elapsed time spent in this place.
 B = Non-inter-level travel time spent in this place.
 C = Inter-level travel time spent in this place.
 D = Time resting spent in this place.
 E = Time spent auto-exploring this place.
 F = Levels seen in this place.
 G = Mean time per level.
                   A        B        C        D        E       F      G
               +--------+--------+--------+--------+--------+-----+--------+
         Total |    243 |    243 |      0 |    144 |      6 |   1 |  243.0 |
       Dungeon |    243 |    243 |      0 |    144 |      6 |   1 |  243.0 |
               +--------+--------+--------+--------+--------+-----+--------+

Top non-repeatable levels by time:
       D: 243 daAuts
